 Dungeon Crawl Stone Soup version 0.31-a0-177-g4aa6249778 (webtiles) character file.

Game seed: 8741979763990381592

633 qw the Shooter (level 7, -3/64 HPs)
             Began as a Naga Hunter on June 18, 2023.
             Slain by an orc warrior
             ... wielding a +0 mace
              (11 damage)
             ... on level 4 of the Dungeon.
             The game lasted 00:02:05 (3908 turns).

qw the Shooter (Naga Hunter)                        Turns: 3908, Time: 00:02:05

Health: -3/64      AC:  7    Str: 13    XL:     7   Next: 49%
Magic:  7/7        EV: 10    Int:  9    God:
Gold:   187        SH:  0    Dex: 17    Spells: 6/6 levels left

rFire   . . .        j - +0 shortbow (heavy)
rCold   + . .        (shield currently unavailable)
rNeg    . . .        c - +0 leather armour
rPois   +            (no helmet)
rElec   .            (no cloak)
rCorr   .            (no gloves)
SInv    +            (no barding)
Will    .....        (no amulet)
Stlth   ++           i - ring of protection from cold
HPRegen 0.30/turn    a - +4 ring of protection
MPRegen 0.10/turn

%: no passive effects
@: about to teleport, short of breath, very slow
A: AC +2, large, see invisible, deformed body, poison resistance, slowness 2,
spit poison 1, naga tail 1
a: Spit Poison


You were on level 4 of the Dungeon.
You visited 1 branch of the dungeon, and saw 4 of its levels.
You also visited: Sewer.

You collected 187 gold pieces.


Innate Abilities, Weirdness & Mutations

Your serpentine skin is tough. (AC +2)
You have supernaturally acute eyesight. (SInv)
Armour fits poorly on your strangely shaped body.
Your system is resistant to poisons. (rPois)
You cover ground very slowly.
You can spit poison.
You have a snake-like lower body.


   Skills:
 - Level 4.0 Fighting
 + Level 7.3 Ranged Weapons
 - Level 2.0 Dodging
 - Level 1.5 Stealth


You had 6 spell levels left.
You didn't know any spells.
Your spell library was empty.

Inventory:

Hand Weapons
 j - a +0 heavy shortbow (weapon)
Armour
 c - a +0 leather armour (worn)
Jewellery
 a - a +4 ring of protection (right hand)
 i - a ring of protection from cold (left hand)
Scrolls
 h - 2 scrolls of identify
 k - 2 scrolls of teleportation
Potions
 b - a potion of lignification {unknown}
 d - a potion of invisibility {unknown}
 e - a potion of curing
 f - a potion of resistance
 g - a potion of cancellation
 l - a potion of berserk rage {unknown}
 o - a potion of might {unknown}

Dungeon Overview and Level Annotations

Branches:
Dungeon (4/15)              Sewer (visited)
 Temple: D:4-7

Altars:
Ashenzari
Kikubaaqudgha


Message History

The orc warrior hits you with a +0 mace.
The orc hits you but does no damage.
The orc warrior hits you with a +0 mace!
The orc hits you but does no damage.
3904 ||| INVOKING Spit Poison.
Aiming: Spit Poison (1% risk of failure)
Press: ? - help, Shift-Dir - straight line, f - orc warrior The splash of poison hits the orc warrior but does no damage.
The orc hits you from afar with a +0 trident.
The orc barely misses you.
You shoot an arrow. The arrow hits the orc warrior.
The orc warrior is lightly wounded.
The orc hits you from afar with a +0 trident.
The orc hits you but does no damage. The orc hits you with a +0 war axe!
The orc barely misses you. x2
The orc warrior hits you with a +0 mace.
The orc barely misses you.
You shoot an arrow.
The arrow hits the orc warrior but does no damage.
The orc warrior is lightly wounded.
You have got your breath back.
The orc hits you from afar with a +0 trident.
The orc hits you with a +0 hand axe.
The orc warrior hits you with a +0 mace!
The orc closely misses you.
3907 ||| READING 3 scrolls of teleportation.
As you read the scroll of teleportation, it crumbles to dust.
You feel strangely unstable.
The orc hits you from afar with a +0 trident.
The orc barely misses you.
The orc warrior hits you with a +0 mace.
The orc barely misses you.
3908 ||| INVOKING Spit Poison.
Aiming: Spit Poison (1% risk of failure)
Press: ? - help, Shift-Dir - straight line, f/p - orc warrior The splash of poison hits the orc warrior but does no damage.
The orc warrior is lightly wounded.
The orc closely misses you. The orc hits you but does no damage.
The orc warrior hits you with a +0 mace!
You die...

#........#
#........##
#.........#
#.........##
#..........#
####......##
######..#
#..# #o@#
#oo# ##oo
.o.. )...#
.....#
....##
.....#


You could see an orc warrior, an orc priest and 4 orcs.

Vanquished Creatures
  2 bullfrogs (Sewer)
  A scorpion (D:4)
  2 orc priests (D:3)
  A hound (D:4)
  Natasha (thrice) (D:2)
  An orc wizard (D:4)
  7 adders
  7 river rats
  An ufetubus (D:4)
  A worm (D:3)
  A dart slug (D:1)
  6 orcs
  13 endoplasms
  4 giant cockroaches
  4 goblins
  5 hobgoblins
  A jackal (D:1)
  5 quokkas
  18 ball pythons
  9 bats
  3 frilled lizards (Sewer)
  7 kobolds
  29 rats
131 creatures vanquished.

Notes
Turn   | Place    | Note
-------+----------+-------------------------------------------
     0 | D:1      | qw the Naga Hunter began the quest for the Orb.
     0 | D:1      | Reached XP level 1. HP: 19/19 MP: 1/1
     0 | D:1      | 0 ||| qw: Version: 0.3-a-5-g6f28e65
     0 | D:1      | 0 ||| qw: Game counter: 574
     0 | D:1      | 0 ||| qw: Always use a shield: true
     0 | D:1      | 0 ||| qw: God list: Okawaru
     0 | D:1      | 0 ||| qw: Allow faded altars: false
     0 | D:1      | 0 ||| qw: Do Orc after D:15 true
     0 | D:1      | 0 ||| qw: Do second Lair branch before Depths: true
     0 | D:1      | 0 ||| qw: Lair rune preference: random
     0 | D:1      | 0 ||| qw: Plans: Normal
     0 | D:1      | 0 ||| PLANNING D:1-11
   103 | D:1      | 103 ||| INVOKING Spit Poison.
   106 | D:1      | 106 ||| INVOKING Spit Poison.
   136 | D:1      | 136 ||| INVOKING Spit Poison.
   137 | D:1      | 137 ||| INVOKING Spit Poison.
   159 | D:1      | 159 ||| INVOKING Spit Poison.
   160 | D:1      | Reached skill level 4 in Ranged Weapons
   160 | D:1      | Reached XP level 2. HP: 26/26 MP: 2/2
   167 | D:1      | 167 ||| INVOKING Spit Poison.
   238 | D:1      | 238 ||| INVOKING Spit Poison.
   244 | D:1      | 244 ||| INVOKING Spit Poison.
   245 | D:1      | 245 ||| INVOKING Spit Poison.
   325 | D:1      | 325 ||| INVOKING Spit Poison.
   403 | D:1      | 403 ||| INVOKING Spit Poison.
   449 | D:1      | 449 ||| INVOKING Spit Poison.
   456 | D:1      | 456 ||| INVOKING Spit Poison.
   476 | D:1      | 476 ||| INVOKING Spit Poison.
   477 | D:1      | Reached XP level 3. HP: 32/32 MP: 3/3
   659 | D:1      | 659 ||| INVOKING Spit Poison.
   669 | D:1      | 669 ||| INVOKING Spit Poison.
   673 | D:1      | 673 ||| INVOKING Spit Poison.
   710 | D:1      | 710 ||| INVOKING Spit Poison.
   731 | D:1      | 731 ||| INVOKING Spit Poison.
   791 | D:1      | 791 ||| INVOKING Spit Poison.
   847 | D:1      | 847 ||| UPGRADING to ring of protection from cold.
   848 | D:1      | 848 ||| READING scroll labelled RITHUS PYOS.
   849 | D:1      | 849 ||| READING scroll labelled ZOOLAGAOFO.
   850 | D:1      | 850 ||| READING scroll labelled GALEIQINAKH.
   851 | D:1      | 851 ||| READING scroll labelled XEUSCH AZXUIN.
   852 | D:1      | 852 ||| DROPPING scroll of butterflies.
   897 | D:2      | 897 ||| INVOKING Spit Poison.
   931 | D:2      | Found a faded altar of an unknown god.
   958 | D:2      | 958 ||| INVOKING Spit Poison.
   965 | D:2      | 965 ||| INVOKING Spit Poison.
  1060 | D:2      | 1060 ||| INVOKING Spit Poison.
  1118 | D:2      | Noticed Natasha
  1120 | D:2      | 1120 ||| INVOKING Spit Poison.
  1122 | D:2      | Killed Natasha
  1123 | D:2      | Reached skill level 5 in Ranged Weapons
  1123 | D:2      | Reached XP level 4. HP: 24/39 MP: 4/4
  1314 | D:2      | 1314 ||| INVOKING Spit Poison.
  1332 | D:2      | Noticed Natasha
  1334 | D:2      | 1334 ||| INVOKING Spit Poison.
  1337 | D:2      | Killed Natasha
  1387 | D:2      | 1387 ||| INVOKING Spit Poison.
  1514 | D:2      | Noticed Natasha
  1515 | D:2      | 1515 ||| INVOKING Spit Poison.
  1517 | D:2      | Killed Natasha
  1518 | D:2      | Reached skill level 3 in Fighting
  1534 | D:2      | Reached XP level 5. HP: 49/49 MP: 5/5
  1534 | D:2      | 1534 ||| INVOKING Spit Poison.
  1573 | D:2      | 1573 ||| INVOKING Spit Poison.
  1864 | D:2      | 1864 ||| UPGRADING to +4 ring of protection.
  1865 | D:2      | 1865 ||| READING scroll labelled JERHYQUGAO.
  1873 | D:2      | 1873 ||| READING scroll labelled YNEEM EFFIWYMIY.
  1905 | D:3      | 1905 ||| PLANNING SEWER
  1996 | D:3      | Found a broken altar of Ashenzari.
  2003 | D:3      | 2003 ||| INVOKING Spit Poison.
  2007 | D:3      | 2007 ||| INVOKING Spit Poison.
  2011 | D:3      | 2011 ||| INVOKING Spit Poison.
  2161 | D:3      | 2161 ||| INVOKING Spit Poison.
  2184 | D:3      | 2184 ||| INVOKING Spit Poison.
  2187 | D:3      | 2187 ||| INVOKING Spit Poison.
  2192 | D:3      | 2192 ||| INVOKING Spit Poison.
  2231 | D:3      | 2231 ||| INVOKING Spit Poison.
  2271 | D:3      | 2271 ||| INVOKING Spit Poison.
  2272 | D:3      | 2272 ||| INVOKING Spit Poison.
  2280 | D:3      | 2280 ||| INVOKING Spit Poison.
  2321 | D:3      | 2321 ||| INVOKING Spit Poison.
  2331 | D:3      | 2331 ||| INVOKING Spit Poison.
  2335 | D:3      | 2335 ||| INVOKING Spit Poison.
  2356 | D:3      | 2356 ||| INVOKING Spit Poison.
  2359 | D:3      | 2359 ||| INVOKING Spit Poison.
  2375 | D:3      | Found a glowing drain.
  2376 | D:3      | 2376 ||| READING scroll labelled WETEAM UFREYMA.
  2382 | Sewer    | Entered a sewer
  2398 | Sewer    | 2398 ||| INVOKING Spit Poison.
  2400 | Sewer    | Reached XP level 6. HP: 56/56 MP: 6/6
  2403 | Sewer    | Reached skill level 6 in Ranged Weapons
  2414 | Sewer    | 2414 ||| INVOKING Spit Poison.
  2421 | Sewer    | 2421 ||| INVOKING Spit Poison.
  2426 | Sewer    | 2426 ||| INVOKING Spit Poison.
  2451 | Sewer    | 2451 ||| INVOKING Spit Poison.
  2458 | Sewer    | 2458 ||| INVOKING Spit Poison.
  2462 | Sewer    | 2462 ||| INVOKING Spit Poison.
  2467 | Sewer    | 2467 ||| INVOKING Spit Poison.
  2478 | Sewer    | 2478 ||| INVOKING Spit Poison.
  2508 | Sewer    | 2508 ||| INVOKING Spit Poison.
  2520 | Sewer    | 2520 ||| INVOKING Spit Poison.
  2525 | Sewer    | 2525 ||| INVOKING Spit Poison.
  2529 | Sewer    | 2529 ||| INVOKING Spit Poison.
  2533 | Sewer    | 2533 ||| INVOKING Spit Poison.
  2537 | Sewer    | 2537 ||| INVOKING Spit Poison.
  2541 | Sewer    | 2541 ||| INVOKING Spit Poison.
  2544 | Sewer    | 2544 ||| INVOKING Spit Poison.
  2550 | Sewer    | 2550 ||| INVOKING Spit Poison.
  2622 | Sewer    | 2622 ||| INVOKING Spit Poison.
  2625 | Sewer    | 2625 ||| INVOKING Spit Poison.
  2629 | Sewer    | 2629 ||| INVOKING Spit Poison.
  2634 | Sewer    | 2634 ||| INVOKING Spit Poison.
  2637 | Sewer    | 2637 ||| INVOKING Spit Poison.
  2639 | Sewer    | HP: 13/57 [bullfrog (2)]
  2640 | Sewer    | 2640 ||| READING 2 scrolls of teleportation.
  2641 | Sewer    | HP: 1/57 [bullfrog (7)]
  2658 | Sewer    | 2658 ||| INVOKING Spit Poison.
  2700 | Sewer    | 2700 ||| INVOKING Spit Poison.
  2735 | Sewer    | 2735 ||| INVOKING Spit Poison.
  2739 | Sewer    | Reached XP level 7. HP: 29/64 MP: 7/7
  2753 | Sewer    | 2753 ||| INVOKING Spit Poison.
  2780 | Sewer    | 2780 ||| INVOKING Spit Poison.
  2894 | Sewer    | 2894 ||| READING scroll labelled RUMUNG WACEO.
  2895 | Sewer    | 2895 ||| READING scroll labelled LETUES MUYROCK.
  2896 | Sewer    | 2896 ||| READING 3 scrolls labelled GUTYD PAGGUA.
  2897 | Sewer    | 2897 ||| DRINKING 2 coppery potions.
  2898 | Sewer    | 2898 ||| DRINKING 2 fuming puce potions.
  2899 | Sewer    | 2899 ||| DRINKING 2 purple potions.
  2900 | Sewer    | 2900 ||| DRINKING 2 white potions.
  2901 | Sewer    | 2901 ||| DROPPING potion of attraction.
  2902 | Sewer    | 2902 ||| DROPPING 2 scrolls of summoning.
  2906 | D:3      | 2906 ||| PLANNING D:1-11
  3004 | D:3      | 3004 ||| INVOKING Spit Poison.
  3234 | D:3      | 3234 ||| INVOKING Spit Poison.
  3239 | D:3      | 3239 ||| INVOKING Spit Poison.
  3549 | D:3      | 3549 ||| Stepping randomly (stuck).
  3623 | D:4      | 3623 ||| INVOKING Spit Poison.
  3666 | D:4      | Found an ancient bone altar of Kikubaaqudgha.
  3677 | D:4      | 3677 ||| INVOKING Spit Poison.
  3709 | D:4      | 3709 ||| INVOKING Spit Poison.
  3726 | D:4      | 3726 ||| INVOKING Spit Poison.
  3729 | D:4      | 3729 ||| INVOKING Spit Poison.
  3770 | D:4      | 3770 ||| INVOKING Spit Poison.
  3784 | D:4      | 3784 ||| INVOKING Spit Poison.
  3789 | D:4      | 3789 ||| INVOKING Spit Poison.
  3792 | D:4      | 3792 ||| INVOKING Spit Poison.
  3871 | D:4      | 3871 ||| INVOKING Spit Poison.
  3886 | D:4      | 3886 ||| INVOKING Spit Poison.
  3887 | D:4      | Reached skill level 7 in Ranged Weapons
  3893 | D:4      | 3893 ||| INVOKING Spit Poison.
  3897 | D:4      | 3897 ||| INVOKING Spit Poison.
  3900 | D:4      | 3900 ||| INVOKING Spit Poison.
  3904 | D:4      | 3904 ||| INVOKING Spit Poison.
  3906 | D:4      | HP: 12/64 [orc warrior/+0 mace (7)]
  3907 | D:4      | 3907 ||| READING 3 scrolls of teleportation.
  3908 | D:4      | 3908 ||| INVOKING Spit Poison.
  3908 | D:4      | Slain by an orc warrior

Levels and vault maps discovered:
D:1:      dpeg_arrival_brainrot, layout_loops_ring, corexii_corridor_pit
D:2:      kennysheep_big_flooded_room, layout_loops_corners,
          hellmonk_ecumenical_altar_zigzags, uniq_natasha
D:3:      layout_basic, evilmike_ruin_ashenzari, gup_sewer_entry_bubbles
D:4:      layout_cave_pods, mainiacjoe_overflow_24_doors

Skill      XL: |  1  2  3  4  5  6  7 |
---------------+----------------------+-----
Ranged Weapons | 4 5 6 7 |  7.3
Fighting       | 3 4 |  4.0
Dodging        | 2 |  2.0
Stealth        | |  1.5

Action                     |  1- 3 |  4- 6 |  7- 9 || total
---------------------------+-------+-------+-------++-------
   Fire: Shortbow          |    48 |   128 |    37 ||   213
Ability: Spit Poison       |    23 |    47 |    21 ||    91
    Use: Scroll            |     4 |     4 |     4 ||    12
         Potion            |       |       |     4 ||     4
 Armour: Leather armour    |     5 |    76 |    22 ||   103
  Dodge: Dodged            |     9 |    78 |    24 ||   111

Table legend:
 A = Non-vault XP
 B = Vault XP
 C = Vault XP percentage of total XP
 D = Non-vault monster count
 E = Vault monster count
 F = Vault count percentage of total count
                 A         B        C        D         E       F
            +---------+---------+-------+---------+---------+-------
      Total |     456 |     449 |  49.6 |      71 |      60 |  45.8
            +---------+---------+-------+---------+---------+-------
        D:1 |      45 |       2 |   4.3 |      26 |       1 |   3.7
        D:2 |      84 |      38 |  31.1 |      12 |       3 |  20.0
        D:3 |     127 |      28 |  18.1 |      18 |       7 |  28.0
        D:4 |     200 |       0 |   0.0 |      15 |       0 |   0.0
      Sewer |       0 |     381 | 100.0 |       0 |      49 | 100.0
            +---------+---------+-------+---------+---------+-------
